 Dungeon Crawl Stone Soup version 0.31-a0-117-g42d8f58691 (webtiles) character file.

Game seed: 13288071947941310700

1203 Dittersdorf the Covered (level 8, -4/51 HPs)
             Began as a Gargoyle Fighter on May 30, 2023.
             Was a Believer of Okawaru.
             Slain by an ogre
             ... wielding a +0 giant club
              (26 damage)
             ... on level 6 of the Dungeon.
             The game lasted 00:06:17 (3714 turns).

Dittersdorf the Covered (Gargoyle Fighter)          Turns: 3714, Time: 00:06:18

Health: -4/51      AC: 24    Str: 22    XL:     8   Next: 45%
Magic:  8/8        EV: 13    Int:  9    God:    Okawaru [**....]
Gold:   336        SH:  5    Dex:  9    Spells: 7/7 levels left

rFire   . . .        D - +1 morningstar
rCold   . . .        c - +0 buckler
rNeg    + . .        n - +0 chain mail
rPois   ∞            s - +0 helmet
rElec   +            k - +2 cloak
rCorr   .            b - +0 pair of gloves
SInv    .            j - +1 pair of boots
Will    .....        h - amulet of regeneration Stlth
                     t - +5 ring of evasion
HPRegen 1.08/turn    (no ring)
MPRegen 0.11/turn

%: no passive effects
@: no status effects
A: sickness immunity, AC +5, negative energy resistance 1, electricity
resistance, torment resistance 1, petrification resistance
a: Renounce Religion, Heroism


You were on level 6 of the Dungeon.
You worshipped Okawaru.
Okawaru was pleased with you.
You visited 1 branch of the dungeon, and saw 6 of its levels.

You collected 336 gold pieces.

Inventory:

Hand Weapons
 D - a +1 morningstar (weapon)
Missiles
 y - 2 throwing nets (quivered)
Armour
 b - a +0 pair of gloves (worn)
 c - a +0 buckler (worn)
 j - a +1 pair of boots (worn)
 k - a +2 cloak (worn)
 n - a +0 chain mail (worn)
 s - a +0 helmet (worn)
Jewellery
 h - an amulet of regeneration (around neck)
 t - a +5 ring of evasion (left hand)
 w - a ring of fire
Wands
 r - a wand of flame (14)
Scrolls
 e - a scroll of poison
 g - a scroll of acquirement {unknown}
 i - 2 scrolls of enchant weapon
 q - a scroll of immolation {unknown}
 B - a scroll of magic mapping {unknown}
 E - a scroll of blinking {unknown}
Potions
 a - a potion of magic
 d - a potion of might
 f - 3 potions of enlightenment
 l - a potion of heal wounds
 o - 3 potions of curing
 u - a potion of berserk rage {unknown}
 x - a potion of haste {unknown}
 z - 4 potions of mutation {unknown}
 A - 2 potions of invisibility {unknown}


   Skills:
 + Level 6.2 Fighting
 + Level 5.2 Maces & Flails
 + Level 6.3 Armour
 + Level 6.3 Shields


You had 7 spell levels left.
You didn't know any spells.
Your spell library contained the following spells:

 Spells                   Type           Power      Damage    Failure   Level
 Slow                     Hex            0%         N/A       95%         1
 Confusing Touch          Hex            0%         N/A       100%        3
 Ignite Poison            Fire/Tmut/Pois 0%         N/A       100%        3
 Vampiric Draining        Necr           0%         2d6       100%        3
 Freezing Cloud           Conj/Ice/Air   0%         6-21      100%        5
 Summon Small Mammal      Summ           Unusable   N/A       N/A         1
 Cigotuvi's Dreadful Rot  Necr/Pois/Air  Unusable   N/A       N/A         2
 Call Canine Familiar     Summ           Unusable   N/A       N/A         3
 Summon Guardian Golem    Hex/Summ       Unusable   N/A       N/A         3

Dungeon Overview and Level Annotations

Branches:
Dungeon (6/15)
 Temple: D:4-7

Altars:
Okawaru
Sif Muna
Trog

Shops:
D:1 ([[

Portals:
Abyss: D:3

Annotations:
D:3 2 transporters, ZoeForever1's ghost, amateur DEFE


Innate Abilities, Weirdness & Mutations

You are immune to sickness and miasma.
Your stone body is resilient. (AC +5)
You are immune to poison.
You resist negative energy. (rN+)
You are resistant to electric shocks. (rElec)
You are resistant to unholy torment.
You are immune to petrification.


Message History

Where to? (Enter - D:6, ? - help)
What level of the Dungeon? (default 1, ? - help)
There is a stone staircase leading up here.
There is a stone staircase leading up here.
There is a shaft here.
There is a stone staircase leading down here.
You climb downwards.
There is a stone staircase leading up here.
An ogre comes into view. It is wielding a +0 giant club.
The ogre shouts!
The iguana hisses angrily.
The ogre closely misses you.
You barely miss the ogre. The ogre hits you with a +0 giant club!
You hit the ogre.
The ogre is lightly wounded.
The ogre hits you with a +0 giant club!!
You are too injured to fight recklessly!
You are too injured to fight recklessly!
You are too injured to fight recklessly!
You are too injured to fight recklessly!
You are too injured to fight recklessly!
You are too injured to fight recklessly!
You are too injured to fight recklessly!
You are too injured to fight recklessly!
You are too injured to fight recklessly!
You are too injured to fight recklessly!
You are too injured to fight recklessly!
You are too injured to fight recklessly!
You are too injured to fight recklessly!
You are too injured to fight recklessly!
You are too injured to fight recklessly!
You are too injured to fight recklessly!
You sock the ogre!
The ogre is moderately wounded.
The ogre closely misses you.
You barely miss the ogre.
The ogre is moderately wounded.
The ogre hits you with a +0 giant club!!
Ouch! That really hurt!
You die...

### +## ..# l .O#
#########
#......# #......#
#.....O# #.....@#
+......###
#........#
########.########
#...........#
#.#########.### #
#.#.. #.#.# .
#.#.###.#


You could see a two-headed ogre, an ogre and an iguana.

Vanquished Creatures
  Prince Ribbit (D:5)
  A water moccasin (D:5)
  A centaur (D:5)
  A bullfrog (D:5)
  A gnoll sergeant (D:5)
  A scorpion (D:4)
  A howler monkey (D:6)
  A jelly (D:5)
  4 orc priests
  A hound (D:3)
  Jessica (D:2)
  2 orc wizards
  3 iguanas
  A sleepcap (D:5)
  Robin (D:2)
  4 adders
  7 gnolls
  A shadow imp (D:6)
  A white imp (D:5)
  2 ufetubi
  A worm (D:3)
  2 dart slugs
  7 orcs
  3 ball pythons
  6 endoplasms
  3 giant cockroaches (D:2)
  14 goblins
  5 hobgoblins
  8 jackals (D:3)
  8 quokkas
  3 bats
  5 frilled lizards
  A kobold (D:1)
  6 rats
108 creatures vanquished.

Vanquished Creatures (others)
  A wizard (D:4)
1 creature vanquished.

Grand Total: 109 creatures vanquished

Notes
Turn   | Place    | Note
-------+----------+-------------------------------------------
     0 | D:1      | Dittersdorf the Gargoyle Fighter began the quest for the
                  | Orb.
     0 | D:1      | Reached XP level 1. HP: 14/14 MP: 1/1
    97 | D:1      | Found Qupp's Antique Armour Emporium.
   132 | D:1      | Reached XP level 2. HP: 17/19 MP: 2/2
   173 | D:1      | Found Ympywuti's Weapon Emporium.
   411 | D:1      | Found Hooroel's Antique Armour Shop.
   686 | D:2      | Reached XP level 3. HP: 23/23 MP: 3/3
   779 | D:2      | Noticed Jessica
   788 | D:2      | Killed Jessica
   789 | D:2      | Reached XP level 4. HP: 27/29 MP: 4/4
  1042 | D:2      | Noticed Robin
  1058 | D:2      | Killed Robin
  1139 | D:2      | Found a faded altar of an unknown god.
  1361 | D:3      | Reached XP level 5. HP: 33/33 MP: 5/5
  1590 | D:3      | Noticed an ancient zyme
  1600 | D:3      | Noticed a small abomination
  1601 | D:3      | Noticed a small abomination
  1601 | D:3      | Noticed a small abomination
  1614 | D:3      | Noticed a small abomination
  1627 | D:3      | Found a transporter.
  1644 | D:3      | Found a one-way gate to the infinite horrors of the Abyss.
  1644 | D:3      | Noticed a kobold brigand
  1644 | D:3      | Noticed ZoeForever1's ghost (amateur DEFE)
  1652 | D:3      | Found a transporter.
  1854 | D:4      | Found an iron altar of Okawaru.
  1862 | D:4      | Became a worshipper of Warmaster Okawaru
  2148 | D:4      | Reached XP level 6. HP: 25/39 MP: 6/6
  2562 | D:4      | Found a bloodstained altar of Trog.
  2563 | D:4      | Noticed a wizard
  2568 | D:4      | Killed a wizard
  2612 | D:5      | Entered Level 5 of the Dungeon
  2679 | D:5      | Noticed a water moccasin
  2698 | D:5      | Killed a water moccasin
  2699 | D:5      | Reached skill level 5 in Fighting
  2699 | D:5      | Reached skill level 5 in Armour
  2699 | D:5      | Reached skill level 5 in Shields
  2699 | D:5      | Reached XP level 7. HP: 38/44 MP: 7/7
  2737 | D:5      | Reached * piety under Okawaru
  2905 | D:5      | Noticed Prince Ribbit
  2939 | D:5      | Killed Prince Ribbit
  2939 | D:5      | Reached ** piety under Okawaru
  2940 | D:5      | Reached XP level 8. HP: 42/51 MP: 6/8
  3184 | D:5      | Reached skill level 5 in Maces & Flails
  3327 | D:5      | Found a shimmering blue altar of Sif Muna.
  3708 | D:6      | Noticed a two-headed ogre
  3714 | D:6      | Slain by an ogre

Illustrated notes

Levels and vault maps discovered:
D:1:      pf_arrival_petrified_forest, layout_basic, serial_shops,
          nicolae_shop_bloodbath_and_beyond, shop, shop
D:2:      layout_basic, hellmonk_ecumenical_altar_leap_of_faith, uniq_robin,
          uniq_jessica
D:3:      layout_basic, gammafunk_ghost_abyssal_escape
D:4:      nicolae_cairo_tiling_large_dashed, layout_rooms, trog_wizard,
          okawaru_gym_becter
D:5:      layout_loops_cross, led_sif_pool, uniq_prince_ribbit1
D:6:      minmay_clustersquares, layout_basic, serial_shops,
          nicolae_shop_hallway_stairs

Skill      XL: |  1  2  3  4  5  6  7  8 |
---------------+-------------------------+-----
Armour         | 4 5 6 |  6.3
Fighting       | 4 5 6 |  6.2
Shields        | 4 5 6 |  6.3
Maces & Flails | 3 4 5 |  5.2

Action                     |  1- 3 |  4- 6 |  7- 9 || total
---------------------------+-------+-------+-------++-------
  Melee: Flail             |   102 |   205 |    39 ||   346
         Morningstar       |       |       |    94 ||    94
 Invoke: Heroism           |       |       |     1 ||     1
    Use: Scroll            |       |       |     9 ||     9
 Armour: Scale mail        |    35 |       |       ||    35
         Chain mail        |    31 |   127 |    83 ||   241
  Dodge: Dodged            |    42 |   109 |   142 ||   293
  Block: Buckler           |    21 |    50 |    57 ||   128

Table legend: (Time is in decaauts)
 A = Elapsed time spent in this place.
 B = Non-inter-level travel time spent in this place.
 C = Inter-level travel time spent in this place.
 D = Time resting spent in this place.
 E = Time spent auto-exploring this place.
 F = Levels seen in this place.
 G = Mean time per level.
                   A        B        C        D        E       F      G
               +--------+--------+--------+--------+--------+-----+--------+
         Total |   3836 |   3644 |    192 |    251 |   2346 |   6 |  639.3 |
       Dungeon |   3836 |   3644 |    192 |    251 |   2346 |   6 |  639.3 |
               +--------+--------+--------+--------+--------+-----+--------+

Top non-repeatable levels by time:
     D:3: 916 daAuts
     D:5: 794 daAuts
     D:1: 679 daAuts
     D:4: 596 daAuts
     D:2: 526 daAuts
     D:6: 323 daAuts
